Map: Korhal Carnage Knockout LE

Players

Jolain

  • Race: Zerg Zerg
  • League: Bronze

Mikazagreat - Winner!

  • Race: Terran Terran
  • League: Silver

VOD

Have the link to the VOD?

Description

Time

  • Played on: May 13, 2016, 3:21 p.m.
  • Length: 8:58
Show
View Real Time Build Order
Export as new Build Order

Jolain Zerg 

Build Orders: Pool First 

Get SALT Encoding   

  12  0:06  Drone  
  13  0:13  Overlord  
  13  0:19  Drone  
  14  0:34  Drone x2  
  16  0:52  Drone  
  17  1:11  Drone  
  17  1:12  Drone x2  
  20  1:19  Spawning Pool  
  20  1:24  Extractor  
  18  1:33  Extractor  
  18  1:34  Drone x2  
  19  1:53  Drone  
  20  2:01  Drone  
  21  2:10  Zergling x2  
  22  2:17  Metabolic Boost  
  22  2:19  Overlord  
  22  2:37  Overlord, Queen  
  22  2:41  Zergling x2  
  25  2:52  Zergling x2  
  26  3:11  Zergling x2  
  26  3:12  Zergling x2  
  28  3:24  Queen  
  28  3:25  Zergling x2  
  31  3:38  Zergling x2  
  32  3:49  Baneling Nest  
  32  3:50  Zergling x2  
  32  3:51  Zergling x4, Overlord  
  28  4:25  Zergling x6  
  31  4:38  Zergling x2  
  32  4:55  Lair  
  32  4:59  Zergling x4  
  34  5:02  Zergling x6  
  37  5:15  Baneling x5  
  37  5:27  Zergling x2  
  37  5:28  Zergling x2  
  39  5:33  Zergling x6  
  28  6:10  Zergling x10  
  29  6:23  Roach Warren  
  28  6:28  Zergling x8  
  32  6:33  Zergling x2  
  33  6:50  Hatchery  
  33  6:53  Zergling x2  
  23  7:17  Roach x2  
  27  7:26  Roach x4  
  35  7:38  Roach  
  37  7:53  Zergling x6  
  37  7:54  Zergling x2  
  41  8:02  Roach  
  32  8:36  Roach x4  
Show
View Real Time Build Order
Export as new Build Order

Mikazagreat Terran - Winner!

Build Orders:  

Get SALT Encoding   

  12  0:02  SCV  
  13  0:14  SCV  
  14  0:26  SCV  
  15  0:37  Supply Depot  
  15  0:45  Refinery  
  15  0:58  SCV  
  16  1:10  Barracks  
  16  1:18  Engineering Bay  
  16  1:58  SCV  
  16  1:59  Command Center  
  16  2:01  Barracks Tech Lab  
  17  2:10  SCV  
  17  2:11  Bunker  
  17  2:13  Refinery  
  18  2:22  SCV  
  19  2:23  Stimpack  
  19  2:39  SCV  
  19  2:43  Marine  
  21  3:01  Marine  
  22  3:28  Marine  
  23  3:39  SCV  
  24  3:44  Supply Depot  
  24  3:46  Marine  
  24  3:47  Planetary Fortress  
  25  3:51  SCV  
  26  4:04  Marine  
  26  4:05  Planetary Fortress  
  27  4:24  SCV  
  27  4:28  Marine  
  29  4:36  SCV  
  30  4:40  Barracks  
  30  4:44  Factory  
  30  4:45  Marine  
  30  4:48  SCV  
  30  4:52  Missile Turret  
  32  4:58  Terran Infantry Weapons Level 1  
  32  5:03  Marine  
  33  5:23  Missile Turret  
  33  5:28  Marine  
  34  5:33  Factory Tech Lab  
  34  5:42  SCV  
  35  5:46  Marine  
  29  5:54  SCV, Barracks Reactor  
  30  6:00  Bunker  
  30  6:04  Marine  
  31  6:21  Marine, Siege Tank  
  35  6:34  Marine x2  
  35  6:39  Marine  
  38  7:07  Marine x3  
  38  7:08  Supply Depot  
  38  7:30  Marine x2, Siege Tank  
  38  7:32  Supply Depot  
  43  7:40  Supply Depot  
  43  8:00  SCV  
  43  8:02  Siege Tank  
  47  8:12  SCV  
Tags
 
Add a new tag
Caveats
  • Supply blocks, unpowered buildings, or Contaminate may cause inaccurate times.
  • Supply counts are checked every 10 seconds.